 Dungeon Crawl Stone Soup version 0.25-a0-782-g655279ceaa (webtiles) character file.

Game seed: 15805230770602677126, levelgen mode: deterministic

49359 kae the Grappler (level 14, -2/126 HPs)
             Began as a White Draconian Transmuter on Apr 16, 2020.
             Was the Champion of the Shining One.
             Slain by a catoblepas (15 damage)
             ... on level 6 of the Lair of Beasts.
             The game lasted 00:25:13 (26051 turns).

kae the Grappler (White Draconian Transmuter)      Turns: 26051, Time: 00:25:13

Health: -2/126     AC: 12    Str: 16    XL:     14   Next: 15%
Magic:  0/35       EV: 19    Int: 15    God:    the Shining One [******]
Gold:   969        SH:  0    Dex: 12    Spells: 14/29 levels left

rFire    . . .     SeeInvis .     - Unarmed
rCold    + . .     Gourm    .   (shield currently unavailable)
rNeg     + + +     Faith    .   (armour unavailable)
rPois    .         Spirit   +   (helmet restricted)
rElec    .         Reflect  .   v - scarf {cloud immunity}
rCorr    .         Harm     .   (gloves currently unavailable)
MR       +....                  (no boots)
Stlth    +.........             t - amulet of guardian spirit
HPRegen  0.31/turn              w - +4 ring of protection
MPRegen  0.24/turn              M - ring of magical power

@: blade hands, glowing
A: breathe frost, unfitting armour, cold resistance 1, cold-blooded, AC +8
a: Breathe Frost, End Transformation, Divine Shield, Cleansing Flame, Summon
Divine Warrior, Brand Weapon With Holy Wrath, Renounce Religion


You were on level 6 of the Lair of Beasts.
You worshipped the Shining One.
The Shining One was exalted by your worship.
You were not hungry.
You had blades for hands.
You visited 3 branches of the dungeon, and saw 19 of its levels.
You also visited: Ossuary and Ice Cave.

You collected 969 gold pieces.

Inventory:

Missiles
 a - 515 arrows
Armour
 v - a scarf of cloud immunity (worn)
 z - a +1 pair of gloves of dexterity (melded)
 H - a +1 buckler of cold resistance
Jewellery
 b - a +3 ring of strength
 h - an uncursed amulet of the gourmand
 p - an uncursed ring of poison resistance
 t - an amulet of guardian spirit (around neck)
 w - a +4 ring of protection (left scythe-like blade)
 x - an uncursed ring of ice
 y - a +3 ring of evasion
 A - an uncursed amulet of rage
 I - an uncursed ring of flight
 K - an uncursed ring of protection from magic
 M - a ring of magical power (right scythe-like blade)
 Q - an uncursed ring of magical power
Wands
 r - a wand of flame (35)
 u - a wand of disintegration (10)
 D - a wand of digging (3)
 E - a wand of iceblast (3)
 G - a wand of acid (16)
Scrolls
 e - 2 scrolls of enchant armour
 g - 8 scrolls of amnesia
 i - a scroll of magic mapping
 j - 10 scrolls of remove curse
 B - 2 scrolls of fog
 C - 2 scrolls of teleportation
 J - a scroll of enchant weapon
 N - a scroll of noise {unknown}
 O - 2 scrolls of identify
 P - a scroll of fear
 R - a scroll of summoning {unknown}
Potions
 d - 2 potions of ambrosia
 f - 4 potions of flight
 k - 5 potions of haste
 l - 2 potions of stabbing
 m - a potion of magic
 n - 3 potions of might
 o - 3 potions of resistance
 q - 6 potions of curing
 s - a potion of lignification
 F - 2 potions of brilliance
 L - a potion of invisibility {unknown}
Comestibles
 c - 27 rations
 S - 19 chunks of flesh


   Skills:
 - Level 12.0 Fighting
 - Level 12.0 Dodging
 + Level 13.2 Unarmed Combat
 - Level 8.0 Spellcasting
 - Level 9.0 Transmutations
 - Level 5.3 Ice Magic


You had 14 spell levels left.
You knew the following spells:

 Your Spells              Type           Power        Failure   Level  Hunger
a - Beastly Appendage     Tmut           ####..       10%         1    None
b - Sticks to Snakes      Tmut           ####....     11%         2    None
c - Spider Form           Tmut/Pois      ###.......   34%         3    ##.....
d - Ice Form              Ice/Tmut       ####....     36%         4    ####...
e - Blade Hands           Tmut           ####......   41%         5    #####..

Your spell library contained the following spells:

 Spells                   Type           Power        Failure   Level  Hunger
 Sting                    Tmut/Pois      ###.         21%         1    None
 Ignite Poison            Fire/Tmut/Pois ###.....     47%         3    ##.....
 Infusion                 Chrm           #...         50%         1    None
 Magic Dart               Conj           #...         50%         1    None
 Shock                    Conj/Air       #...         50%         1    None
 Ozocubu's Armour         Chrm/Ice       ##......     50%         3    ##.....
 Blink                    Tloc           N/A          61%         2    None
 Call Imp                 Summ           #.......     61%         2    None
 Poisonous Vapours        Pois/Air       #.....       61%         2    None
 Shroud of Golubria       Chrm/Tloc      #.....       61%         2    None
 Slow                     Hex            #.......     61%         2    None
 Song of Slaying          Chrm           #.......     61%         2    None
 Swiftness                Chrm/Air       #.......     61%         2    None
 Conjure Flame            Conj/Fire      #.......     77%         3    ##.....
 Mephitic Cloud           Conj/Pois/Air  #.......     77%         3    ##.....
 Spectral Weapon          Hex/Chrm       #.......     77%         3    ##.....
 Static Discharge         Conj/Air       #.......     77%         3    ##.....
 Alistair's Intoxication  Tmut/Pois      ###.....     85%         5    #####..
 Airstrike                Air            #.........   97%         4    ####...
 Lightning Bolt           Conj/Air       #.........   100%        5    #####..
 Freezing Cloud           Conj/Ice/Air   ##........   100%        6    #######
 Ring of Flames           Chrm/Fire      #.........   100%        7    #######


Dungeon Overview and Level Annotations

Branches:
Dungeon (12/15)            Temple (1/1) D:5            Lair (6/6) D:9
  Swamp (0/4) Lair:4       Spider (0/4) Lair:2        Slime (0/5) Lair:5
    Orc (0/2) D:9         Ossuary (visited)           IceCv (visited)

Altars:
Ashenzari
Cheibriados
Dithmenos
Elyvilon
Fedhas
Gozag
Hepliaklqana
Kikubaaqudgha
Makhleb
Nemelex Xobeh
Okawaru
Qazlal
Ru
Sif Muna
Trog
Uskayaw
Vehumet
Wu Jian
Xom
Yredelemnul
Zin
The Shining One
Beogh

Shops:
D:5 }

Portals:
Trove: D:10 (show slimy rune of Zot)

Annotations:
D:5 3 runed translucent doors, DOPEyDwarf's ghost, novice HaHu
Lair:2 2 runed translucent doors, Daotayz's ghost, journeyman DrTm
Lair:6 3 runed translucent doors, Thantalas's ghost, journeyman MiBe


Innate Abilities, Weirdness & Mutations

You can breathe waves of freezing cold.
You can buffet flying creatures when you breathe cold.
Your icy white scales are hard. (AC +8)
You cannot fit into any form of body armour.
Your flesh is cold resistant. (rC+)
You are cold-blooded and may be slowed by cold attacks.


Message History

The death yak is severely wounded.
The plant is no longer petrified.
The death yak gores you!
* * * LOW HITPOINT WARNING * * *
You shred the catoblepas!!!
The catoblepas is heavily wounded.
The death yak misses you.
You slash the catoblepas! You tail-slap the catoblepas.
The catoblepas is severely wounded.
The catoblepas breathes a plume of calcifying dust at you.
The blast of calcifying dust hits you but does no damage.
The death yak gores you!!
* * * LOW HITPOINT WARNING * * *
You hit the catoblepas.
The catoblepas is severely wounded.
The catoblepas completely misses you.
A five-headed hydra comes into view.
The five-headed hydra roars!
The death yak gores you but does no damage.
The catoblepas gores you!!
You die...

### #.## ##§Y♣######**
#.P@†......,***
#YYP..##...,,,*
##.[.÷.#*,,...♣##
##.#÷...#**,...P#
##..#......#*#...####
##..##.....÷.,*....##.
#P.P#,D.....8,*#.÷..##
#...#,..##...,,#.....#
#...#,..#*#..8,#...P.#


You could see 2 death yaks, a catoblepas and a five-headed hydra.

Vanquished Creatures
  A reaper (IceCv)
  Erolcha (D:10)
  6 hydras
  4 two-headed ogres
  A deep troll shaman (Lair:6)
  5 death yaks (Lair:6)
  Urug (Lair:2)
  Sonja (Lair:5)
  2 necromancers
  A manticore (D:11)
  2 cyclopes (D:12)
  An ugly thing (D:11)
  11 elephants
  2 ice statues (IceCv)
  6 black mambas
  7 spiny frogs
  3 kobold demonologists (D:11)
  4 rime drakes
  4 komodo dragons
  9 ice devils (IceCv)
  3 polar bears
  8 blink frogs
  2 hornets
  3 slime creatures (D:12)
  10 hippogriffs
  A meliai zombie (D:11)
  A shadow (D:12)
  A vampire (D:12)
  42 yaks
  A human (D:8)
  3 wyverns
  A basilisk (Lair:6)
  Menkaure (D:4)
  A soldier ant (D:11)
  7 water moccasins
  6 porcupines
  2 sky beasts
  2 ice beasts
  5 orc warriors
  5 black bears
  5 ogres
  9 wolves (Lair:6)
  An elephant zombie (Lair:3)
  2 phantoms
  6 crocodiles
  16 centaurs
  2 big kobolds (D:11)
  A komodo dragon zombie (Lair:3)
  10 bullfrogs
  A wyvern zombie (D:12)
  A water moccasin zombie (Ossuary)
  8 scorpions
  A water moccasin skeleton (D:5)
  4 wights (D:7)
  2 howler monkeys
  2 centaur zombies
  4 crimson imps
  A quasit (D:11)
  5 hounds
  A bullfrog zombie (D:12)
  9 orc priests
  2 bullfrog skeletons
  2 centaur skeletons
  A gnoll shaman (D:9)
  4 jellies
  3 iguanas
  15 orc wizards
  5 worker ants
  3 polar bear simulacra (Lair:5)
  A yak simulacrum (Lair:5)
  A wolf simulacrum (Lair:5)
  A killer bee zombie (D:6)
  3 big kobold zombies (Ossuary)
  A hound zombie (D:10)
  3 mummies
  A howler monkey skeleton (D:5)
  18 adders
  9 gnolls
  A shadow imp (D:10)
  9 white imps (IceCv)
  8 ufetubi (IceCv)
  5 oozes
  5 adder zombies
  2 adder skeletons (D:4)
  A worm (D:4)
  2 dart slugs
  8 leopard geckos
  39 orcs
  9 bats
  5 giant cockroaches
  A gnoll zombie (Ossuary)
  6 goblins
  8 hobgoblins
  15 jackals
  4 quokkas
  A ball python (D:5)
  6 frilled lizards
  3 hobgoblin zombies (Ossuary)
  17 kobolds
  4 kobold zombies (Ossuary)
  6 orc zombies (Ossuary)
  A quokka zombie (D:7)
  5 rats
  6 river rat simulacra (Lair:5)
  A butterfly (Lair:5)
  A fungus (D:6)
520 creatures vanquished.

Vanquished Creatures (collateral kills)
  A centaur (D:9)
  A bat (D:3)
2 creatures vanquished.

Vanquished Creatures (others)
  An orc wizard (D:6)
  2 white imps (IceCv)
  2 ufetubi (IceCv)
  A quokka (D:9)
  8 fungi
  5 plants
19 creatures vanquished.

Grand Total: 541 creatures vanquished

Notes
Turn   | Place    | Note
-------+----------+-------------------------------------------
     0 | D:1      | kae the Draconian Transmuter began the quest for the Orb.
     0 | D:1      | Reached XP level 1. HP: 16/16 MP: 3/3
    23 | D:1      | Reached XP level 2. HP: 20/23 MP: 3/5
   411 | D:1      | Learned a level 2 spell: Sticks to Snakes
   984 | D:2      | Reached XP level 3. HP: 23/28 MP: 4/6
  1153 | D:2      | Learned a level 3 spell: Spider Form
  1182 | D:2      | Reached skill level 4 in Unarmed Combat
  1499 | D:2      | HP: 1/28 [gnoll/+0 spear (10)]
  1989 | D:2      | Reached XP level 4. HP: 21/35 MP: 3/7
  3051 | D:3      | Reached XP level 5. HP: 30/40 MP: 9/9
  3191 | D:3      | Found a blossoming altar of Fedhas.
  3380 | D:3      | Noticed a centaur
  3385 | D:3      | Killed a centaur
  3385 | D:3      | Reached skill level 5 in Unarmed Combat
  3730 | D:4      | Noticed Menkaure
  4143 | D:4      | Reached XP level 6. HP: 6/47 MP: 3/11
  5088 | D:4      | Reached skill level 6 in Unarmed Combat
  5274 | D:4      | Your scales start taking on an icy white colour.
  5274 | D:4      | Reached XP level 7. HP: 52/52 MP: 8/12
  5274 | D:4      | Gained mutation: Your flesh is cold resistant. (rC+) [White
                  | Draconian growth]
  5507 | D:4      | You fall into a shaft and drop 2 floors!
  5778 | D:6      | Found the +7 Singing Sword {vorpal, sonic wave}
  6062 | D:6      | Reached skill level 7 in Unarmed Combat
  6401 | D:6      | Reached XP level 8. HP: 59/59 MP: 14/14
  6497 | D:6      | Reached skill level 5 in Transmutations
  6891 | D:6      | Reached skill level 5 in Spellcasting
  6917 | D:6      | Found an opulent altar of Gozag.
  7011 | D:6      | Found a shattered altar of Ashenzari.
  7113 | D:5      | Entered Level 5 of the Dungeon
  7118 | D:5      | Found a runed translucent gate.
  7118 | D:5      | Found a runed translucent gate.
  7118 | D:5      | Identified the +7 short sword of Onoilof {vorpal, *Noise
                  | Str+6 Int-2 Stlth+}
  7118 | D:5      | Identified the cursed +1 ring mail of Mousch {*Corrode
                  | rElec Int+5 SInv}
  7121 | D:5      | Noticed DOPEyDwarf's ghost (novice HaHu)
  7156 | D:5      | Reached skill level 8 in Unarmed Combat
  7163 | D:5      | Found Quiqu's Gadget Boutique.
  7214 | D:5      | Found a sand-covered staircase.
  7240 | Ossuary  | Entered an ossuary
  7290 | Ossuary  | Learned a level 4 spell: Ice Form
  7296 | Ossuary  | Learned a level 5 spell: Blade Hands
  7703 | D:5      | Found a runed translucent gate.
  7724 | D:5      | Found a roughly hewn altar of Beogh.
  7898 | D:5      | Found a staircase to the Ecumenical Temple.
  7918 | Temple   | Entered the Ecumenical Temple
  8151 | Temple   | Became a worshipper of the Shining One
  8211 | D:5      | Found a sacrificial altar of Ru.
  8615 | D:4      | Killed Menkaure
  9036 | D:4      | Reached skill level 9 in Unarmed Combat
  9036 | D:4      | Reached XP level 9. HP: 64/64 MP: 14/17
  9307 | D:7      | Reached * piety under the Shining One
  9783 | D:7      | Reached skill level 10 in Unarmed Combat
 10119 | D:7      | Found a glowing silver altar of Zin.
 10814 | D:9      | You fall into a shaft and drop 2 floors!
 10851 | D:11     | Noticed a white ugly thing
 11364 | D:11     | Reached XP level 10. HP: 71/71 MP: 14/20
 11487 | D:11     | Noticed a manticore
 11608 | D:11     | Killed a manticore
 11870 | D:11     | Reached ** piety under the Shining One
 11876 | D:11     | Reached skill level 11 in Unarmed Combat
 12054 | D:11     | Noticed a rust devil
 12354 | D:11     | Killed a white ugly thing
 12589 | D:12     | Reached skill level 12 in Unarmed Combat
 12727 | D:11     | Reached XP level 11. HP: 7/79 MP: 3/23
 13332 | D:12     | Reached *** piety under the Shining One
 13789 | D:12     | Reached skill level 5 in Fighting
 13789 | D:12     | HP: 2/88 [slime creature (8)]
 14124 | D:12     | Noticed a two-headed ogre
 14145 | D:12     | Killed a two-headed ogre
 15037 | D:10     | Entered Level 10 of the Dungeon
 15074 | D:10     | Noticed a two-headed ogre
 15081 | D:10     | Killed a two-headed ogre
 15116 | D:10     | Noticed Erolcha
 15126 | D:10     | Killed Erolcha
 15350 | D:10     | Noticed a two-headed ogre
 15356 | D:10     | Killed a two-headed ogre
 15356 | D:10     | Reached skill level 10 in Fighting
 15451 | D:10     | Found a portal to a secret trove of treasure.
 15746 | D:9      | Found a staircase to the Orcish Mines.
 15977 | D:9      | HP: 3/101 [centaur/arrow (6)]
 16762 | D:9      | Found a hazy altar of Hepliaklqana.
 16776 | D:9      | Found an iron altar of Okawaru.
 16818 | D:9      | Noticed a two-headed ogre
 16823 | D:9      | Killed a two-headed ogre
 16888 | D:9      | Found a shimmering altar of Xom.
 16899 | D:9      | Found a burning altar of Makhleb.
 16927 | D:9      | Found a snail-covered altar of Cheibriados.
 16950 | D:9      | Found a staircase to the Lair.
 16960 | D:9      | Reached XP level 12. HP: 110/110 MP: 18/24
 16961 | D:9      | Found a shadowy altar of Dithmenos.
 17220 | D:9      | Found a white marble altar of Elyvilon.
 17513 | Lair:1   | Entered Level 1 of the Lair of Beasts
 17513 | Lair:1   | Reached **** piety under the Shining One
 17517 | Lair:1   | Reached skill level 1 in Ice Magic
 18046 | Lair:1   | Reached skill level 5 in Ice Magic
 18912 | Lair:2   | Found a large runed translucent door.
 18912 | Lair:2   | Found a large runed translucent door.
 18914 | Lair:2   | Noticed Urug
 18923 | Lair:2   | Killed Urug
 18923 | Lair:2   | Reached skill level 5 in Dodging
 18924 | Lair:2   | Noticed Daotayz's ghost (journeyman DrTm)
 19488 | Lair:2   | Found a hole to the Spider Nest.
 19858 | Lair:3   | Found a frozen archway.
 19926 | IceCv    | Entered an ice cave
 20292 | IceCv    | Reached ***** piety under the Shining One
 20688 | IceCv    | Noticed a reaper
 20701 | IceCv    | Killed a reaper
 20701 | IceCv    | Reached XP level 13. HP: 116/116 MP: 18/25
 21834 | Lair:4   | Reached skill level 10 in Dodging
 21864 | Lair:4   | Found a staircase to the Swamp.
 22041 | Lair:4   | Found a white marble altar of Elyvilon.
 23051 | Lair:5   | Found a staircase to the Slime Pits.
 23072 | Lair:5   | Noticed Sonja
 23080 | Lair:5   | Killed Sonja
 23631 | Lair:5   | Identified the Almanac of Toxins
 24559 | Lair:6   | Entered Level 6 of the Lair of Beasts
 24694 | Lair:6   | Reached ****** piety under the Shining One
 25194 | Lair:6   | Noticed Thantalas's ghost (journeyman MiBe)
 25196 | Lair:6   | Found a runed translucent gate.
 25196 | Lair:6   | Found a runed translucent gate.
 25196 | Lair:6   | Found a runed translucent gate.
 25591 | Lair:6   | Reached XP level 14. HP: 126/126 MP: 26/26
 25841 | Lair:6   | Reached skill level 13 in Unarmed Combat
 26051 | Lair:6   | Slain by a catoblepas

Levels and vault maps discovered:
D:1:      dpeg_arrival_arbitrary_c, layout_loops_ring
D:2:      layout_basic, first_ration
D:3:      layout_loops_ring, lemuel_doored_altar
D:4:      layout_basic, uniq_menkaure
D:5:      layout_basic, hangedman_ru_absence, temple_fountains,
          biasface_ghost_orc_armoury, serial_shops, shop,
          gup_ossuary_entry_pyramid
D:6:      old_forge, layout_gridville, grunt_gozag_statues,
          lemuel_crystal_altar, chequers_serial_rivers_micro_d
D:7:      minmay_bubble_buster, layout_basic, marbit_many_paths, minmay_holes
D:8:      layout_cave_pools, grunt_pizzeria
D:9:      layout_cave_pods, nicolae_overflow_quartered_altars,
          nicolae_dithmenos_the_darkroom, elyvilon_altar_4,
          lemuel_crystal_altar, lair_entry_dummy, orc_0_dummy, centaur_isle
D:10:     layout_rooms, trove_entry_hex_spiral, uniq_erolcha
D:11:     layout_roguey
D:12:     layout_cave_pods, serial_park_tiny_2
Temple:   dpeg_chambers_temple
Lair:1:   layout_gridlike, minivault_27, grunt_megastairs_1
Lair:2:   layout_long_grid, spider_nest_entry_web_field,
          ebering_ghost_disaster_area, serial_bayou_shore_b,
          infiniplex_staircase_pool_2, lemuel_fruit_tree, uniq_urug
Lair:3:   pond_and_an_island_with_a_cottage, layout_chaotic_city,
          gauntlet_entry_generic, portal_ice_cave_rime, serial_bayou_pond_a,
          patterned_corridor
Lair:4:   layout_small_grid, swamp_mist, basic_altar,
          chequers_serial_rivers_small_3
Lair:5:   layout_loops_ring, nicolae_slime_entry_slimehenge,
          chequers_serial_rivers_room_a, eino_house_with_fridge,
          lemuel_fruit_fields, uniq_sonja
Lair:6:   grunt_lair_end_beastmaster, layout_regular_city,
          gammafunk_ghost_split, minivault_11

Skill      XL: |  1  2  3  4  5  6  7  8  9 10 11 12 13 14 |
---------------+-------------------------------------------+-----
Unarmed Combat | 4 5 6 7 9 10 12 13 | 13.2
Transmutations | 3 4 6 7 9 |  9.0
Spellcasting   | 3 4 5 6 8 |  8.0
Fighting       | 11 12 | 12.0
Ice Magic      | 5 |  5.3
Dodging        | 8 12 | 12.0

Action                   |  1- 3 |  4- 6 |  7- 9 | 10-12 | 13-15 || total
-------------------------+-------+-------+-------+-------+-------++-------
Melee: Unarmed           |   102 |   177 |   393 |   492 |   343 ||  1507
       Headbutt          |     6 |     2 |    16 |       |       ||    24
       Kick              |     6 |     3 |       |       |     1 ||    10
       Tailslap          |     4 |     8 |    20 |    31 |     9 ||    72
       Punch             |     1 |     1 |     9 |    12 |     5 ||    28
 Cast: Beastly Appendage |    20 |    14 |     9 |     1 |     1 ||    45
       Spider Form       |     1 |    11 |    17 |       |       ||    29
       Sticks to Snakes  |       |     4 |       |     6 |       ||    10
       Blade Hands       |       |       |     1 |    34 |     9 ||    44
       Ice Form          |       |       |    14 |    23 |    20 ||    57
Invok: Divine Shield     |       |       |       |     1 |       ||     1
 Abil: Breathe Frost     |       |       |     3 |       |     5 ||     8
       End Transformatio |       |       |       |     1 |     1 ||     2
Evoke: Wand              |       |       |       |     4 |     3 ||     7
  Use: Scroll            |     2 |     5 |    10 |     9 |     4 ||    30
       Potion            |     1 |     1 |     1 |     2 |       ||     5
  Eat: Chunk             |     2 |    11 |    22 |    33 |     7 ||    75
       Ration            |     1 |       |     1 |     3 |     5 ||    10
Armor: Skin              |    37 |    38 |    61 |   125 |    89 ||   350
Dodge: Dodged            |    92 |   127 |   254 |   403 |   221 ||  1097

Table legend:
 A = Non-vault XP
 B = Vault XP
 C = Vault XP percentage of total XP
 D = Non-vault monster count
 E = Vault monster count
 F = Vault count percentage of total count
                 A         B        C        D         E       F
            +---------+---------+-------+---------+---------+-------
      Total |   51609 |   18904 |  26.8 |     390 |     131 |  25.1
            +---------+---------+-------+---------+---------+-------
        D:1 |      37 |       0 |   0.0 |      18 |       0 |   0.0
        D:2 |     119 |       0 |   0.0 |      20 |       0 |   0.0
        D:3 |     194 |       0 |   0.0 |      23 |       0 |   0.0
        D:4 |     760 |     172 |  18.5 |      35 |       1 |   2.8
        D:5 |     305 |      18 |   5.6 |      12 |       1 |   7.7
        D:6 |     644 |     389 |  37.7 |      25 |      13 |  34.2
        D:7 |     836 |     822 |  49.6 |      17 |      12 |  41.4
        D:8 |     234 |     196 |  45.6 |       8 |       1 |  11.1
        D:9 |    2137 |     630 |  22.8 |      20 |       6 |  23.1
       D:10 |    2934 |    1003 |  25.5 |      18 |       1 |   5.3
       D:11 |    6003 |       0 |   0.0 |      45 |       0 |   0.0
       D:12 |    5229 |       0 |   0.0 |      39 |       0 |   0.0
     Lair:1 |    4121 |     501 |  10.8 |      21 |       2 |   8.7
     Lair:2 |    3255 |     819 |  20.1 |      15 |       1 |   6.2
     Lair:3 |    4765 |    1551 |  24.6 |      17 |       5 |  22.7
     Lair:4 |    4581 |       0 |   0.0 |      17 |       0 |   0.0
     Lair:5 |    4542 |    1228 |  21.3 |      10 |      19 |  65.5
     Lair:6 |   10913 |    6126 |  36.0 |      30 |      16 |  34.8
    Ossuary |       0 |     228 | 100.0 |       0 |      24 | 100.0
      IceCv |       0 |    5221 | 100.0 |       0 |      29 | 100.0
            +---------+---------+-------+---------+---------+-------
